AoeStats
← Rage guy shiro

Yucatan

510957409Analyzed
4v4 RM · 12h ago on Oct 3, 2026· 50m 29s· 8 players
Game mode
Random Map
Map size
Large (8 player)
Population
200
Speed
Normal
Resources
Standard
Victory
Conquest
Starting age
Dark Age
Ending age
Imperial Age
RankedLock teamsTeams togetherTeam positionsShared explorationLock speedFull tech treeHidden civsTurbo modeCheats
Victory
Defeat
🇫🇷 Franks · France
855
+11
🇹🇷 Tatars · Türkiye
851
+11
🇲🇽 Burmese · Mexico
828
+12
🇩🇪 Khmer · Germany
615
+21
🇺🇸 Franks · United States
741
-33
🇳🇵 Goths · Nepal
740
-14
🇸🇬 Huns · Singapore
733
-14
🇱🇰 Shu · Sri Lanka
731
-13
Rage guy shiro
10:54 Feudal Age
12:07 Double-Bit Axe
12:06 Horse Collar
22:16 Castle Age
22:35 Scale Mail Armor
22:46 Forging
23:21 Squires
22:41 Pikeman
25:13 Chain Mail Armor
25:35 Iron Casting
39:06 Heavy Plow
Loki93447
10:10 Loom
14:53 Feudal Age
17:24 Wheelbarrow
21:19 Fletching
28:04 Castle Age
28:20 Pikeman
29:05 Squires
28:30 Elite Skirmisher
achalaayesh
5:34 Loom
12:37 Feudal Age
16:10 Double-Bit Axe
20:05 Castle Age
17:51 Horse Collar
18:11 Stone Mining
18:12 Gold Mining
22:09 Pikeman
22:50 Squires
22:36 Arson
22:41 Gambesons
23:02 Husbandry
25:05 Caravan
27:28 Wheelbarrow
26:47 Man-at-Arms
27:42 Murder Holes
28:10 Ballistics
29:09 Crossbowman
29:56 Thumb Ring
33:31 Gold Shaft Mining
34:34 Coiled Serpent Array
Soldaris
lordwhite
2:50 Loom
13:24 Feudal Age
20:33 Castle Age
21:35 Wheelbarrow
23:28 Stone Mining
24:25 Horse Collar
24:56 Fletching
25:08 Padded Archer Armor
25:29 Hand Cart
27:12 Murder Holes
32:29 Caravan
32:41 Gold Mining
33:34 Bodkin Arrow
35:01 Manipur Cavalry
37:47 Scale Barding Armor
37:42 Scale Mail Armor
37:53 Forging
40:38 Imperial Age
40:30 Ballistics
40:00 Heated Shot
39:51 Treadmill Crane
42:38 Chemistry
41:51 Fortified Wall
41:46 Siege Engineers
41:57 Masonry
44:48 Town Watch
45:58 Elite Arambai
47:03 Howdah
48:26 Conscription
48:33 Chain Barding Armor
48:32 Chain Mail Armor
48:53 Iron Casting
48:31 Spies/Treason
Geo
0:38 Loom
11:48 Feudal Age
20:33 Castle Age
19:18 Double-Bit Axe
19:55 Scale Barding Armor
20:01 Forging
22:37 Bow Saw
22:59 Stone Mining
23:03 Gold Mining
40:37 Wheelbarrow
39:48 Town Watch
42:14 Hand Cart
45:36 Imperial Age
44:41 Gold Shaft Mining
45:18 Iron Casting
44:45 Scale Mail Armor
44:33 Ordonnance Companies
46:35 Masonry
47:24 Conscription
46:25 Elite Throwing Axeman
47:44 Caravan
48:28 Cavalier
49:09 Husbandry
49:51 Chain Barding Armor
50:33 Blast Furnace
49:49 Chain Mail Armor
50:07 Architecture
49:24 Arrowslits
50:10 Paladin
zeitbinder
0:36 Loom
17:53 Feudal Age
19:10 Wheelbarrow
21:16 Bloodlines
24:08 Castle Age
22:53 Double-Bit Axe
23:31 Gold Mining
23:32 Stone Mining
23:58 Forging
23:53 Scale Barding Armor
24:10 Horse Collar
25:40 Hand Cart
25:37 Husbandry
26:23 Iron Casting
26:58 Town Watch
28:11 Chain Barding Armor
32:12 Gold Shaft Mining
36:49 Caravan
41:13 Bow Saw
44:53 Town Patrol
47:35 Imperial Age
47:43 Elite Battle Elephant
50:02 Cavalier
sonsehzadee
10:54 Feudal Age
14:14 Double-Bit Axe
16:05 Wheelbarrow
18:50 Castle Age
17:25 Stone Mining
17:30 Gold Mining
19:49 Loom
22:51 Hand Cart
23:15 Horse Collar
27:45 Heavy Plow
29:59 Bow Saw
30:33 Gold Shaft Mining
31:44 Silk Armor
41:27 Imperial Age
39:02 Padded Archer Armor
38:52 Fletching
39:08 Scale Barding Armor
39:14 Forging
41:49 Leather Archer Armor
41:30 Bodkin Arrow
41:56 Chain Barding Armor
43:04 Crop Rotation
42:39 Elite Keshik
43:40 Conscription
43:38 Timurid Siegecraft
48:48 Spies/Treason
Connection lost

Rejoining the realm…

Still unreachable

The connection could not be restored.

Session expired

The server has moved on; the page needs a fresh start.